Dins, neutral female human Valkyrie ---- ----- --..-- |...---- |....| |......-- ---- ---...-- --......| ----.<| |...--- ----- |......| -....-- ---.--- ..%|)----- ---....| ...---- ------|...| ..q@d)...| ---.--- ...| |....--.--- .[..----.--- |...| -..--- ---..)....|--- ..-- |...| ---.--- -....| |......[..|..-- . ---.--|...| ...---.|....%......--- |...|.--- !.......|....)........| ---.|.| .......--%.............| |...| .......||............--- ---.-- ...-.---|............| |...------------ |...|---...........-| |.....*.....-|.. |.---|..............--- ----------...|.---..| |................| |.............| --.---...........| --.---------.-- --- --..|.--.|.-- --- --- ----------- Dins the Fighter Experience level: 8 Strength: 17 Dexterity: 15 Constitution: 18 Intelligence: 9 Wisdom: 8 Charisma: 8 Health: 0(71) Energy: 18(18) Def: 7 Gold: 172 Moves: 1461 Dungeon seed: L8lJ-GqxvGJav8vk Game ID: Dins_1433268710 Your Inventory: Coins $ - 172 gold pieces Weapons a - a +2 war hammer (weapon in hand) b - a +0 dagger h - 2 +0 orcish daggers Z - a +1 dwarvish short sword Armor e - an uncursed +3 small shield (being worn) g - an uncursed +1 dwarvish iron helm i - an uncursed +0 dwarvish cloak n - an uncursed +0 pair of speed boots (being worn) v - an uncursed +0 dwarvish cloak w - an uncursed +0 dwarvish iron helm A - an uncursed +0 dwarvish roundshield B - an uncursed +0 dwarvish iron helm (being worn) T - an uncursed +0 dwarvish cloak U - an uncursed +0 dwarvish iron helm W - an uncursed +0 dwarvish cloak Y - an uncursed +0 dwarvish cloak (being worn) Comestibles c - 2 uncursed food rations t - an uncursed tin of crocodile meat X - an uncursed slime mold Scrolls j - an uncursed scroll of remove curse D - an uncursed scroll of charging K - an uncursed scroll of teleportation Potions f - an uncursed potion of paralysis l - an uncursed potion of gain energy Q - a cursed potion of gain level R - an uncursed potion of full healing V - an uncursed potion of booze Rings E - a cursed ring of aggravate monster F - an uncursed ring of teleport control (on left hand) S - an uncursed ring of fire resistance Wands C - a wand of light (0:12) Tools d - an uncursed oil lamp (lit) (0:1032) m - a +0 pick-axe o - 4 blessed tallow candles (0:200) u - 6 uncursed wax candles (0:400) x - an uncursed towel L - 28 uncursed tallow candles (0:200) M - an uncursed brass lantern (0:1434) Gems p - 4 uncursed worthless pieces of violet glass q - an uncursed worthless piece of white glass r - an uncursed worthless piece of black glass s - 2 uncursed worthless pieces of orange glass y - an uncursed worthless piece of blue glass z - 3 uncursed opals G - 2 uncursed worthless pieces of yellowish brown glass N - 2 uncursed worthless pieces of green glass Spells known in the end: Name Level Category Fail Memory Your skills at the end: Fighting Skills Weapon Skills dagger [Basic] hammer [Skilled] Spellcasting Skills Final Attributes: You were devoutly aligned. You were cold resistant. You were stealthy. You had teleport control. You could fly. You were very fast. You were lucky. You are dead. Vanquished creatures: a baby orange dragon 2 giant mimics a small mimic a wraith 2 gnome kings a snake a bugbear 7 gnome lords 2 gnomish wizards 9 dwarves a rabid rat 2 hobbits a giant rat a cave spider 36 gnomes a gecko a jackal 3 goblins a sewer rat a grid bug a bat a lichen 3 newts 80 creatures vanquished. Voluntary challenges: You used a wielded weapon 125 times, starting on turn 2. You read items or engraved 1 time, starting on turn 418. You never genocided any monsters. You never polymorphed an object. You never changed form. You used no wishes. You never split a pudding. You never wrote Elbereth's name. You never violated your personal moral code. Dungeon overview: The Dungeons of Doom: levels 1 to 2 Level 1 a fountain a long staircase Level 2 stairs to The Gnomish Mines The Gnomish Mines: levels 3 to 8 Level 3 stairs to The Dungeons of Doom Level 4 Level 5 some shops, a temple to Tyr, some fountains Level 6 Level 7 Level 8 <- You were here History has recorded: On T:1 you entered the Dungeons of Doom to retrieve the Amulet of Yendor! On T:154 you reached level 2 of The Dungeons of Doom. On T:266 you advanced to experience level 2. On T:410 you reached level 1 of The Gnomish Mines. On T:451 you advanced to experience level 3. On T:457 you advanced to experience level 4. On T:602 you reached level 2 of The Gnomish Mines. On T:614 you advanced to experience level 5. On T:865 you reached level 3 of The Gnomish Mines. On T:991 you advanced to experience level 6. On T:1117 you reached level 4 of The Gnomish Mines. On T:1191 you reached level 5 of The Gnomish Mines. On T:1257 you advanced to experience level 7. On T:1318 you reached level 6 of The Gnomish Mines. On T:1432 you advanced to experience level 8. Score breakdown: Gold: 172 ( 7613 points) Experience: 8 levels (14739 points) Exploration: 8 levels ( 17.02%) (11702 points) Discoveries: 2 items ( 0.82%) ( 2710 points) Valuables value: (no points given unless you survive) Artifact value: 0 ( 0 points) Variety of kills: 23 monsters ( 6.07%) ( 7390 points) Time penalty: 1461 turns ( 0 points) Survival: died (score multiplied by 80%) Total score: 35323 Latest messages: You sold a cursed pair of iron shoes for 8 gold pieces. C - a cursed pair of iron shoes. c - an uncursed food ration. D - an uncursed scroll labeled ELAM EBOW. The scrolls turn to dust as you pick them up. (You can name a scroll labeled KIRJE from the item naming menu.) j - an uncursed scroll labeled LEP GEX VEN ZEA. K - an uncursed scroll labeled VENZAR BORGAVVE. f - an uncursed cyan potion. l - an uncursed ruby potion. F - an uncursed pearl ring. o - 4 blessed candles. L - 7 uncursed candles. x - an uncursed towel. y - an uncursed blue gem. N - an uncursed green gem. s - an uncursed orange gem. You hit the leocrotta! The leocrotta hits! The leocrotta bites! You die... Final status: Farvel Dins the Valkyrie, killed by a leocrotta... You died in The Gnomish Mines on dungeon level 8 with 35323 points, and 172 pieces of gold, after 1461 moves. You were level 8 with a maximum of 71 hit points when you died.